Map: Hardwire LE

Players

Genoharadan

  • Race: Protoss Protoss
  • League: Gold
  • Spawn Location: 7:00

PiG - Winner!

  • Race: Terran Terran
  • League: Grandmaster
  • Spawn Location: 1:00

VOD

https://www.youtube.com/watch?v=J2pIZNCtIis

Description

Time

  • Played on: July 12, 2022, 7:22 p.m.
  • Length: 11:04
Show
View Real Time Build Order
Export as new Build Order

Genoharadan Protoss 

Build Orders: 1 Gate Expand, Blink Stalkers 

Get SALT Encoding   

  12  0:01  Probe  
  13  0:13  Probe  
  14  0:17  Pylon  
  14  0:25  Probe (Chrono Boost)  
  15  0:37  Probe (Chrono Boost)  
  15  0:38  Gateway  
  16  0:45  Probe (Chrono Boost)  
  16  0:48  Assimilator  
  17  0:53  Probe  
  18  1:05  Probe  
  19  1:17  Probe  
  20  1:27  Nexus  
  20  1:36  Cybernetics Core  
  20  1:41  Assimilator  
  20  1:43  Probe  
  21  1:51  Pylon  
  20  1:55  Probe  
  21  2:07  Probe  
  22  2:10  Adept (Chrono Boost)  
  22  2:12  Warp Gate  
  24  2:20  Probe (Chrono Boost)  
  26  2:30  Probe (Chrono Boost), Twilight Council  
  26  2:37  Probe (Chrono Boost)  
  28  2:41  Probe (Chrono Boost)  
  30  2:51  Probe (Chrono Boost)  
  30  2:52  Stalker, Probe (Chrono Boost)  
  30  2:56  Probe (Chrono Boost)  
  33  2:59  Probe  
  34  3:07  Probe, Blink (Chrono Boost)  
  34  3:11  Probe  
  36  3:22  Probe  
  36  3:23  Probe  
  38  3:33  Pylon  
  38  3:35  Probe  
  38  3:39  Stalker  
  38  3:40  Gateway  
  41  3:42  Gateway  
  41  3:45  Probe  
  41  3:47  Probe  
  43  3:57  Probe  
  43  3:59  Probe  
  45  4:04  Pylon  
  45  4:09  Probe  
  46  4:10  Pylon  
  46  4:11  Probe  
  47  4:21  Probe  
  47  4:23  Probe  
  49  4:25  Nexus  
  49  4:26  Pylon  
  49  4:29  Pylon  
  49  4:33  Probe  
  49  4:35  Probe  
  49  4:38  Stalker x3  
  57  4:46  Probe  
  57  4:47  Probe  
  59  5:01  Probe x2  
  61  5:13  Probe x2, Gateway  
  63  5:16  Gateway  
  63  5:22  Gateway  
  63  5:25  Gateway  
  63  5:27  Gateway  
  63  5:29  Gateway  
  63  5:31  Gateway  
  63  5:34  Robotics Facility  
  63  5:36  Gateway  
  63  5:38  Gateway  
  63  5:41  Gateway  
  63  5:44  Probe x2, Gateway  
  63  5:45  Probe  
  66  5:57  Shield Battery  
  66  5:58  Shield Battery  
  66  5:59  Shield Battery x2  
  66  6:00  Charge (Chrono Boost)  
  66  6:03  Stalker  
  66  6:04  Stalker x2  
  72  6:24  Pylon  
  72  6:25  Pylon  
  72  6:28  Pylon  
  72  6:32  Stalker x6  
  82  6:33  Stalker  
  86  6:44  Stalker x4  
  94  7:01  Zealot  
  94  7:02  Zealot x7  
  110  7:16  Zealot x4  
  118  7:24  Zealot  
  118  7:25  Pylon, Zealot x2  
  118  7:26  Pylon  
  118  7:27  Pylon  
  122  7:48  Zealot x5  
  122  7:49  Zealot x6  
  122  7:50  Zealot  
  70  8:09  Stalker  
  70  8:10  Stalker x6  
  59  8:22  Zealot x4  
  59  8:24  Zealot  
Show
View Real Time Build Order
Export as new Build Order

PiG Terran - Winner!

Build Orders:  

Get SALT Encoding   

  12  0:00  SCV  
  13  0:12  SCV  
  14  0:17  Supply Depot  
  14  0:24  SCV  
  15  0:38  SCV  
  15  0:40  Barracks  
  16  0:44  Refinery  
  16  0:50  SCV  
  17  1:03  SCV  
  18  1:15  SCV  
  19  1:27  Orbital Command, Barracks Reactor  
  19  1:42  Command Center  
  19  1:54  SCV, Supply Depot  
  20  2:05  Marine x2  
  20  2:06  SCV  
  23  2:18  SCV  
  24  2:25  Marine x2  
  24  2:27  Factory  
  26  2:32  Barracks  
  26  2:33  SCV  
  27  2:38  Refinery  
  27  2:43  Marine x2  
  29  2:47  SCV  
  30  2:59  SCV  
  30  3:00  Orbital Command  
  30  3:01  Marine x2  
  33  3:11  SCV  
  34  3:13  Supply Depot  
  34  3:15  Factory Tech Lab  
  34  3:23  Barracks Tech Lab  
  34  3:24  SCV  
  35  3:29  SCV  
  35  3:31  Marine x2  
  38  3:36  SCV, Siege Tank  
  38  3:39  Supply Depot  
  42  3:45  SCV  
  42  3:48  SCV  
  44  3:49  Combat Shield  
  44  3:50  Marine x2  
  46  3:58  SCV  
  46  4:00  SCV  
  46  4:02  Supply Depot  
  48  4:10  SCV, Siege Tank, Marine x3  
  48  4:15  SCV  
  56  4:22  SCV  
  57  4:26  Supply Depot  
  57  4:28  SCV, Marine  
  59  4:35  Barracks  
  59  4:37  Starport  
  59  4:39  SCV  
  59  4:40  SCV  
  59  4:44  Siege Tank, Marine x2  
  66  4:51  Refinery  
  66  4:52  SCV  
  67  4:55  SCV  
  67  4:56  Supply Depot  
  68  5:04  SCV  
  69  5:09  SCV  
  69  5:11  Marine x3  
  69  5:12  Stimpack  
  73  5:15  Starport Reactor  
  73  5:20  Supply Depot  
  73  5:23  Supply Depot  
  73  5:24  Barracks Reactor  
  73  5:28  Engineering Bay, Marine  
  73  5:34  Marine x2  
  73  5:35  Siege Tank  
  79  5:41  SCV x2  
  81  5:46  Marine  
  81  5:48  Supply Depot  
  82  5:50  Supply Depot  
  82  5:51  Marine  
  82  5:52  Marine  
  82  5:55  Terran Infantry Weapons Level 1  
  84  6:00  Medivac x2  
  84  6:02  Marine  
  84  6:03  Marine  
  90  6:04  Marine  
  90  6:09  Marine x2  
  93  6:13  Barracks x2  
  93  6:15  Supply Depot  
  93  6:17  Siege Tank, Supply Depot  
  96  6:20  Marine x2  
  96  6:22  Marine  
  99  6:27  Marine x2  
  99  6:30  Medivac  
  103  6:38  Marine x2  
  105  6:40  Marine  
  105  6:45  Marine x2  
  105  6:46  Supply Depot  
  108  6:49  Siege Tank  
  111  6:56  Marine x2  
  111  6:57  Marine, Medivac  
  116  7:03  Marine x2  
  118  7:14  Marine  
  118  7:15  Marine x3  
  119  7:16  Marine  
  119  7:20  Marine  
  119  7:21  Siege Tank, Marine  
  127  7:32  Marine  
  127  7:33  Marine x4  
  132  7:38  Marine x2  
  132  7:41  Medivac  
  136  7:49  Marine  
  136  7:51  Marine x4  
  126  7:53  Siege Tank  
  126  7:56  Marine x2  
  117  8:07  Marine  
  117  8:09  Marine x4  
  117  8:14  Marine x2  
  119  8:25  Siege Tank, Marine  
  119  8:26  Marine  
  119  8:27  Marine x3  
  118  8:32  Marine x2  
  121  8:43  Marine  
  121  8:44  Marine x2  
  121  8:45  Marine x2  
  126  8:49  Marine  
  126  8:50  Marine  
  126  9:01  Marine  
  126  9:02  Marine x4  
  126  9:07  Marine x2  
  126  9:18  Marine  
  126  9:20  Marine x4  
  126  9:25  Marine  
  126  9:38  Marine x2  
Tags
 
Add a new tag
Caveats
  • Supply blocks, unpowered buildings, or Contaminate may cause inaccurate times.
  • Supply counts are checked every 10 seconds.